 Dungeon Crawl Stone Soup version 0.22-a0-109-gbeb7240 (webtiles) character file.

18930 SnubMonkey the Archer (level 12, -4/84 HPs)
             Began as a Centaur Hunter on Jan 26, 2018.
             Was a High Priest of Okawaru.
             Slain by a large abomination (21 damage)
             ... on level 2 of the Abyss.
             The game lasted 00:56:05 (15588 turns).

SnubMonkey the Archer (Centaur Hunter)             Turns: 15588, Time: 00:56:06

Health: -4/84      AC: 23    Str: 20    XL:     12   Next: 32%
Magic:  16/18      EV: 12    Int:  6    God:    Okawaru [*****.]
Gold:   854        SH:  0    Dex: 10    Spells: 11/11 levels left

rFire    . . .     SeeInvis +   b - +0 quarterstaff
rCold    + . .     Gourm    .   (shield currently unavailable)
rNeg     + . .     Faith    .   y - +8 ring mail of Autumn {SInv}
rPois    .         Spirit   .   c - +2 hat
rElec    .         Reflect  .   M - +2 cloak
rCorr    .         Harm     .   o - +1 pair of gloves
MR       .....                  (no barding)
Stlth    ++........             j - amulet of regeneration
HPRegen  0.64/turn              i - ring of protection from cold
MPRegen  0.16/turn              D - ring of positive energy

@: heroism, very quick
A: large, hooves 3, deformed body, [dopey 2], speed 2, [frail 2], tough skin 3
a: Heroism, Finesse, Renounce Religion


You were on level 2 of the Abyss.
You worshipped Okawaru.
Okawaru was extremely pleased with you.
You were hungry.

You visited 3 branches of the dungeon, and saw 13 of its levels.
You visited the Abyss 1 time.

You collected 854 gold pieces.

Inventory:

Hand Weapons
 a - a +2 shortbow
 b - a +0 quarterstaff (weapon)
 s - a +0 blowgun
Missiles
 d - 234 arrows
 t - 44 poisoned needles
Armour
 c - a +2 hat (worn)
 o - a +1 pair of gloves (worn)
 y - the +8 ring mail of Autumn (worn) {SInv}
   (Okawaru gifted it to you on level 11 of the Dungeon)

   It lets you see invisible.
 M - a +2 cloak (worn)
 T - the +1 leather armour of Itiet {MR+ rCorr Dex+3}
   (You found it on level 9 of the Dungeon)

   It affects your dexterity (+3).
   It affects your resistance to hostile enchantments.
   It protects you from acid and corrosion.
Jewellery
 i - a ring of protection from cold (left hand)
 j - an amulet of regeneration (around neck)
 k - an uncursed ring of magical power
 D - a ring of positive energy (right hand)
 G - an uncursed amulet of rage {unknown}
Wands
 l - a wand of disintegration (16)
 p - a wand of random effects (15)
 q - a wand of iceblast (10)
 r - a wand of clouds (5)
 O - a wand of scattershot (3)
 U - a wand of acid (7)
Scrolls
 e - 4 scrolls of fear
 m - 3 scrolls of teleportation
 z - 3 scrolls of amnesia
 F - a scroll of holy word {unknown}
 H - 5 scrolls of enchant weapon
 I - 2 scrolls of enchant armour
 L - 3 scrolls of fog
 N - 6 scrolls of remove curse
 P - a scroll of identify
 S - a scroll of magic mapping {unknown}
Potions
 g - 4 potions of curing
 h - a potion of might
 n - 2 potions of agility
 v - 2 potions of flight {unknown}
 w - 5 potions of lignification
 x - a potion of berserk rage {unknown}
 A - a potion of resistance {unknown}
 B - a potion of brilliance {unknown}
 E - a potion of cancellation {unknown}
 J - 3 potions of haste
 K - 2 potions of magic {unknown}
Books
 u - a book of Callings

   Spells                             Type                      Level
   a - Summon Small Mammal            Summoning                    1
   b - Call Imp                       Summoning                    2
   c - Call Canine Familiar           Summoning                    3
   d - Summon Guardian Golem          Hexes/Summoning              3
   e - Summon Lightning Spire         Summoning/Air                4
   f - Summon Ice Beast               Ice/Summoning                4
 C - a book of Minor Magic

   Spells                             Type                      Level
   a - Magic Dart                     Conjuration                  1
   b - Blink                          Translocation                2
   c - Call Imp                       Summoning                    2
   d - Slow                           Hexes                        2
   e - Conjure Flame                  Conjuration/Fire             3
   f - Mephitic Cloud                 Conjuration/Poison/Air       3
Comestibles
 f - 22 rations


   Skills:
 + Level 10.1(15.1) Fighting
 * Level 9.8(14.8) Staves
 - Level 14.1(19.1) Bows
 + Level 3.5(8.5) Armour
 + Level 4.0(9.0) Dodging
 - Level 0.4(5.4) Stealth
 - Level 8.0 Invocations


You had 11 spell levels left.
You didn't know any spells.

Dungeon Overview and Level Annotations

Branches:
Dungeon (11/15)            Temple (1/1) D:5            Lair (1/6) D:11
    Orc: D:9-12

Altars:
Ashenzari
Cheibriados
Dithmenos
Elyvilon
Fedhas
Gozag
Hepliaklqana
Kikubaaqudgha
Makhleb
Nemelex Xobeh
Okawaru
Qazlal
Ru
Sif Muna
Trog
Uskayaw
Vehumet
Wu Jian
Xom
Yredelemnul
Zin
The Shining One

Annotations:
D:5 Menkaure
Lair:1 Sonja


Innate Abilities, Weirdness & Mutations

You have hooves in place of feet.
Armour fits poorly on your strangely shaped body.
You cover ground very quickly.
You have extremely tough skin. (AC +3)
[You are very dopey. (Int -4)]
[You are very frail. (-20% HP)]


Message History

A large abomination comes into view.
You closely miss the raiju. You kick the raiju.
The raiju is heavily wounded.
You hit the raiju but do no damage. You kick the raiju.
The raiju is heavily wounded.
The raiju bites you. The raiju shocks you!
You hit the raiju but do no damage. You kick the raiju!
The raiju is severely wounded.
The large abomination misses you.
You barely miss the raiju. Your kick misses the raiju.
The raiju is severely wounded.
The raiju bursts into living lightning!
The living lightning hits you! The living lightning misses you.
The raiju blinks! x2
The large abomination hits you!!
* * * LOW HITPOINT WARNING * * *
You sock the large abomination!
The large abomination is lightly damaged.
The large abomination hits you!!
You die...

#..#....#
..##....
........# .
.......# ..
####.#.....+ #
#.##....#. ....#
#...#.h#.#'#####.
## ##X#....... .
# #.#..@X#.
####§#
#.....#.#.∩.#
#...#..## ..#
...#..#. #§X.# ..
#.#...§.. ..
####.#.....#.###
.. ..#.#...#
...#..# ## .#..
..#


You could see 2 large abominations and a raiju.

Vanquished Creatures
  Gastronok (D:8)
  Fannar (D:10)
  2 hydras
  2 two-headed ogres
  A tengu warrior (D:10)
  The ghost of SnubMonkey the Archer, a novice CeHu of Okawaru (D:5)
  Pikel (D:6)
  2 unseen horrors (D:10)
  A phantasmal warrior (Abyss:2)
  A deep elf mage (D:10)
  Joseph (D:8)
  Maurice (D:7)
  A gargoyle (D:11)
  A spiny frog (Lair:1)
  A dire elephant skeleton (Abyss:2)
  A tengu conjurer (D:11)
  A troll (D:10)
  A hornet (D:10)
  Grinder (D:4)
  A hippogriff (D:11)
  Sigmund (D:6)
  13 yaks
  3 wyverns
  Eustachio (D:6)
  A steam dragon (D:10)
  A water moccasin (D:8)
  Duvessa (D:5)
  2 hell hounds
  4 orc warriors
  2 black bears
  4 slaves (D:6)
  5 ice beasts
  A necrophage (D:10)
  A sky beast (D:10)
  5 ogres
  4 centaurs
  A big kobold (D:7)
  3 crocodiles (Lair:1)
  9 bullfrogs
  Dowan (D:5)
  3 scorpions
  3 wights (D:11)
  6 electric eels (D:9)
  5 crimson imps
  2 jellies
  4 centaur zombies
  2 bullfrog skeletons
  7 hounds
  5 orc priests
  A gnoll shaman (D:9)
  5 orc wizards
  A centaur skeleton (D:9)
  2 iguanas
  8 worker ants
  A killer bee zombie (D:7)
  3 hound skeletons
  3 worker ant zombies
  6 gnolls
  11 adders
  A shadow imp (D:5)
  An ooze (D:6)
  An adder zombie (D:9)
  3 worms
  8 leopard geckos
  47 orcs
  8 bats
  9 giant cockroaches
  10 goblins
  7 hobgoblins
  13 jackals
  18 kobolds
  4 quokkas
  6 frilled lizards
  A leopard gecko skeleton (D:7)
  A leopard gecko zombie (D:9)
  A quokka skeleton (D:6)
  5 rats
  A fungus (Lair:1)
  A plant (D:9)
310 creatures vanquished.

Vanquished Creatures (others)
  2 starspawn tentacles (Abyss:2)
2 creatures vanquished.

Grand Total: 312 creatures vanquished

Notes
Turn   | Place    | Note
-------+----------+-------------------------------------------
     0 | D:1      | SnubMonkey the Centaur Hunter began the quest for the Orb.
     0 | D:1      | Reached XP level 1. HP: 17/17 MP: 1/1
   102 | D:1      | Reached XP level 2. HP: 4/24 MP: 2/2
   397 | D:1      | Reached skill level 6 in Bows
   828 | D:1      | Reached XP level 3. HP: 30/30 MP: 3/3
  1191 | D:2      | Found a hazy altar of Hepliaklqana.
  1417 | D:2      | Reached XP level 4. HP: 37/37 MP: 4/4
  1501 | D:2      | Reached skill level 7 in Bows
  1669 | D:2      | Found a bloodstained altar of Trog.
  1669 | D:2      | Found a snail-covered altar of Cheibriados.
  1686 | D:2      | Found a faded altar of an unknown god.
  1690 | D:2      | Found a radiant altar of Vehumet.
  1692 | D:2      | Found a glowing silver altar of Zin.
  1879 | D:3      | Reached skill level 1 in Staves
  2181 | D:3      | Reached XP level 5. HP: 41/45 MP: 5/5
  3182 | D:4      | Reached skill level 8 in Bows
  3206 | D:4      | Reached XP level 6. HP: 49/52 MP: 6/6
  3293 | D:4      | Noticed Grinder
  3309 | D:4      | Killed Grinder
  3533 | D:5      | Entered Level 5 of the Dungeon
  3649 | D:5      | Reached skill level 9 in Bows
  3649 | D:5      | Reached XP level 7. HP: 38/59 MP: 7/7
  3690 | D:5      | Found a staircase to the Ecumenical Temple.
  3702 | Temple   | Entered the Ecumenical Temple
  3739 | Temple   | Became a worshipper of Warmaster Okawaru
  4273 | D:5      | Noticed SnubMonkey's ghost (novice CeHu)
  4420 | D:5      | Killed SnubMonkey's ghost
  4420 | D:5      | Reached * piety under Okawaru
  4420 | D:5      | Reached skill level 5 in Fighting
  4420 | D:5      | Reached skill level 5 in Staves
  4420 | D:5      | Reached XP level 8. HP: 19/70 MP: 8/8
  4563 | D:5      | Noticed Menkaure
  4767 | D:5      | Noticed Duvessa
  4767 | D:5      | Noticed Dowan
  4773 | D:5      | Killed Duvessa
  4773 | D:5      | Reached ** piety under Okawaru
  4804 | D:5      | Killed Dowan
  5400 | D:6      | Reached skill level 1 in Invocations
  5414 | D:6      | Noticed Eustachio
  5441 | D:6      | Killed Eustachio
  5441 | D:6      | Reached skill level 10 in Bows
  5650 | D:6      | Reached XP level 9. HP: 75/75 MP: 10/10
  5660 | D:6      | Noticed Sigmund
  5746 | D:6      | Killed Sigmund
  6174 | D:6      | Noticed Pikel
  6245 | D:6      | Killed Pikel
  6245 | D:6      | Reached *** piety under Okawaru
  6245 | D:6      | Reached skill level 11 in Bows
  6258 | D:6      | Received a gift from Okawaru
  6394 | D:6      | Found a white marble altar of Elyvilon.
  7246 | D:7      | Reached skill level 12 in Bows
  7495 | D:7      | Received a gift from Okawaru
  7532 | D:7      | Reached skill level 5 in Invocations
  8407 | D:8      | Noticed Gastronok
  8434 | D:7      | Reached **** piety under Okawaru
  8434 | D:7      | Reached XP level 10. HP: 24/86 MP: 14/14
  8541 | D:8      | Noticed Maurice
  8707 | D:7      | Killed Maurice
  8707 | D:7      | Reached skill level 13 in Bows
  9442 | D:8      | Killed Gastronok
  9442 | D:8      | Received a gift from Okawaru
  9442 | D:8      | Received a gift from Okawaru
  9442 | D:8      | Reached skill level 14 in Bows
  9733 | D:8      | Noticed Joseph
  9764 | D:8      | Killed Joseph
 10303 | D:9      | Reached ***** piety under Okawaru
 10311 | D:9      | Received a gift from Okawaru
 10419 | D:9      | Reached XP level 11. HP: 95/95 MP: 16/16
 10653 | D:9      | Found a shattered altar of Ashenzari.
 10756 | D:9      | Found a snail-covered altar of Cheibriados.
 10861 | D:9      | Received a gift from Okawaru
 11128 | D:10     | Entered Level 10 of the Dungeon
 11169 | D:10     | Received a gift from Okawaru
 11427 | D:10     | Noticed a deep elf mage
 11445 | D:10     | Killed a deep elf mage
 11526 | D:10     | Received a gift from Okawaru
 11628 | D:10     | Noticed Fannar
 11688 | D:10     | Killed Fannar
 11688 | D:10     | Reached skill level 1 in Armour
 11982 | D:10     | Received a gift from Okawaru
 12064 | D:10     | Killed an unseen horror
 12065 | D:10     | HP: 1/97 [something (8)]
 12069 | D:10     | Killed an unseen horror
 12069 | D:10     | Received a gift from Okawaru
 12689 | D:9      | Noticed a two-headed ogre
 12711 | D:9      | Killed a two-headed ogre
 12711 | D:9      | Received a gift from Okawaru
 12982 | D:9      | Got an amethyst-encrusted leather armour
 13191 | D:9      | Identified the +1 leather armour of Itiet {MR+ rCorr Dex+3} (You found it on level 9 of the Dungeon)
 13340 | D:11     | Noticed a tengu warrior
 13380 | D:11     | Received a gift from Okawaru
 13516 | D:10     | Killed a tengu warrior
 13790 | D:11     | Noticed a six-headed hydra
 13830 | D:11     | Killed a six-headed hydra
 13830 | D:11     | Received a gift from Okawaru
 13830 | D:11     | Reached XP level 12. HP: 64/106 MP: 18/18
 13831 | D:11     | Got a scorched ring mail {god gift}
 14368 | D:11     | Found a staircase to the Lair.
 14638 | D:11     | Noticed a two-headed ogre
 14663 | D:11     | Killed a two-headed ogre
 14709 | D:11     | Identified the +8 ring mail of Autumn {SInv} (Okawaru gifted it to you on level 11 of the Dungeon)
 14781 | Lair:1   | Entered Level 1 of the Lair of Beasts
 14785 | Lair:1   | Noticed an eight-headed hydra
 14796 | Lair:1   | Killed an eight-headed hydra
 14796 | Lair:1   | Reached skill level 10 in Fighting
 14941 | Lair:1   | Noticed Sonja
 14955 | Lair:1   | Cast into level 2 of the Abyss (Sonja)
 14965 | Abyss:2  | Noticed a great orb of eyes
 15308 | Abyss:2  | Noticed a bone dragon
 15345 | Abyss:2  | Found a corrupted altar of Lugonu.
 15359 | Abyss:2  | Noticed a blizzard demon
 15409 | Abyss:2  | Noticed a tentacled starspawn
 15531 | Abyss:2  | Found a corrupted altar of Lugonu.
 15588 | Abyss:2  | Slain by a large abomination

Vault maps used:
D:1:      minmay_arrival_four_loops
D:2:      chequers_temple_overflow_minitemple, lemuel_crystal_altar
D:3:      corexii_shack_village, first_ration
D:4:      minmay_misc_feat_chi, uniq_grinder
D:5:      minmay_temple_entry_glassed_door, uniq_duvessa, uniq_menkaure
D:6:      overflow_temple_1_default, uniq_eustachio, uniq_sigmund, uniq_pikel
D:8:      uniq_gastronok, uniq_joseph, uniq_maurice
D:9:      cheibrodos_two_vegetables, lemuel_crystal_altar, basic_altar
D:10:     hangedman_stone_soup, uniq_fannar
D:11:     minmay_lair_entry_lava, lab_entry_generic, hex_tiny
Temple:   eino_wide_crystal_templ
Lair:1:   st_stairs_4, minivault_27, beast_lair_carwin_3,
          minmay_lair_oklob_chamber, grunt_megastairs_4, uniq_sonja

Skill      XL: |  1  2  3  4  5  6  7  8  9 10 11 12 |
---------------+-------------------------------------+-----
Bows           | 6 7 8 9 10 12 14 | 14.1
Fighting       | 3 4 5 6 7 8 9 10 | 10.1
Staves         | 1 2 5 6 9 |  9.8
Invocations    | 2 5 7 8 |  8.0
Armour         | 3 |  3.5
Dodging        | 3 4 |  4.0
Stealth        | |  0.4

Action                   |  1- 3 |  4- 6 |  7- 9 | 10-12 || total
-------------------------+-------+-------+-------+-------++-------
Melee: Short sword       |    10 |    75 |       |       ||    85
       Kick              |     2 |    12 |    35 |    61 ||   110
       Lajatang          |       |     9 |   134 |       ||   143
       Quarterstaff      |       |       |    11 |   180 ||   191
       Shortbow          |       |       |       |     1 ||     1
 Fire: Shortbow          |    91 |   166 |   366 |   710 ||  1333
Invok: Heroism           |       |       |     1 |    13 ||    14
Evoke: Wand              |       |       |       |     5 ||     5
  Use: Scroll            |     3 |     1 |     3 |    13 ||    20
       Potion            |       |       |     1 |     4 ||     5
  Eat: Chunk             |     1 |     5 |     9 |    12 ||    27
       Ration            |       |       |     1 |     1 ||     2
Armor: Leather armour    |    30 |    56 |    37 |    23 ||   146
       Scale mail        |       |       |    40 |   126 ||   166
       Ring mail         |       |       |       |    50 ||    50
Dodge: Dodged            |    35 |    60 |    68 |   159 ||   322

Table legend:
 A = Spawn XP
 B = Non-spawn XP
 C = Spawn XP percentage of total XP
 D = Spawn monster count
 E = Non-spawn monster count
 F = Spawn count percentage of total count
 G = Total turns spent on level
                    A         B        C        D         E        F      G
               +---------+---------+-------+---------+---------+-------+---------
         Total |     986 |   26058 |   3.6 |       2 |     302 |   0.7 | 15588
               +---------+---------+-------+---------+---------+-------+---------
           D:1 |       0 |      47 |   0.0 |       0 |      26 |   0.0 |  1179
           D:2 |       0 |     122 |   0.0 |       0 |      24 |   0.0 |   685
           D:3 |       0 |      80 |   0.0 |       0 |      32 |   0.0 |   927
           D:4 |       0 |     454 |   0.0 |       0 |      10 |   0.0 |   924
           D:5 |       0 |    1571 |   0.0 |       0 |      24 |   0.0 |  1434
           D:6 |       0 |    1776 |   0.0 |       0 |      27 |   0.0 |  1887
           D:7 |       0 |    1665 |   0.0 |       0 |      25 |   0.0 |  1801
           D:8 |       0 |    4359 |   0.0 |       0 |      31 |   0.0 |  1490
           D:9 |       0 |    3737 |   0.0 |       0 |      38 |   0.0 |  1392
          D:10 |       0 |    5744 |   0.0 |       0 |      28 |   0.0 |  1700
          D:11 |       0 |    4642 |   0.0 |       0 |      30 |   0.0 |  1314
        Lair:1 |       0 |    1861 |   0.0 |       0 |       7 |   0.0 |   174
       Abyss:2 |     986 |       0 | 100.0 |       2 |       0 | 100.0 |   633
               +---------+---------+-------+---------+---------+-------+---------
